 Dungeon Crawl Stone Soup version 0.29.1-1-gd02db6906a (webtiles) character file.

Game seed: 17503024962875509057

44 Du3lingdragon the Chopper (level 3, -4/34 HPs)
             Began as a Tengu Monk on Oct 2, 2022.
             Killed from afar by Sigmund (17 damage)
             ... with a bolt of light
             ... on level 2 of the Dungeon.
             The game lasted 00:02:23 (1597 turns).

Du3lingdragon the Chopper (Tengu Monk)              Turns: 1597, Time: 00:02:23

Health: -4/34      AC: 21    Str: 13    XL:     3   Next: 62%
Magic:  4/4        EV:  2    Int: 10    God:
Gold:   108        SH:  0    Dex: 16    Spells: 2/2 levels left

rFire   . . .      SeeInvis .   a - +0 hand axe
rCold   . . .      Faith    .   (no shield)
rNeg    . . .      Spirit   .   (body armour currently unavailable)
rPois   +          Reflect  .   (helmet currently unavailable)
rElec   .          Harm     .   (cloak currently unavailable)
rCorr   .          Rampage  .   (gloves currently unavailable)
Will    .....      NoTele   +   (boots unavailable)
Stlth   +.........              (no amulet)
HPRegen 0.11/turn               (no ring)
MPRegen 0.09/turn               (no ring)

@: confused, tree-form, attractive
A: stationary, stasis, torment immunity, boosted hp, (beak), (talons 3)
a: no special abilities


You were on level 2 of the Dungeon.
You were a tree.
You visited 1 branch of the dungeon, and saw 2 of its levels.

You collected 108 gold pieces.

Inventory:

Hand Weapons
 a - a +0 hand axe (weapon)
Armour
 b - a +0 robe
 k - a +0 leather armour (melded)
Scrolls
 d - 3 scrolls of identify {unknown}
 e - a scroll of vulnerability {unknown}
 f - a scroll of immolation {unknown}
 h - a scroll of teleportation {unknown}
Potions
 i - a potion of attraction
 j - a potion of cancellation {unknown}
 l - 2 potions of curing {unknown}


   Skills:
 - Level 3.0 Fighting
 + Level 5.0 Axes
 - Level 3.2 Dodging
 - Level 2.0 Stealth


You had 2 spell levels left.
You didn't know any spells.
Your spell library was empty.

Dungeon Overview and Level Annotations

Branches:
Dungeon (2/15)

Altars:

Annotations:
D:2 Sigmund


Innate Abilities, Weirdness & Mutations

You are a tree.
Your roots penetrate the ground, keeping you stationary.
You cannot be teleported.
You are immune to unholy pain and torment.
Your maximum health is greatly increased.
Your equipment is partially melded.
((You have a beak for a mouth.))
((You have claws for feet.))


Message History

The endoplasm hits you but does no damage.
You attack the rock wall.
Sigmund screams, "Die, monster!"
Sigmund barely misses you.
The endoplasm hits you but does no damage.
You attack the rock wall.
The endoplasm hits you but does no damage.
Sigmund gestures wildly while chanting.
Sigmund flickers and vanishes!
Deactivating autopickup; reactivate with Ctrl-A.
You barely miss the endoplasm.
The endoplasm is heavily wounded.
You feel less invigorated.
The endoplasm hits you but does no damage.
Something hits you!
You hit the endoplasm.
You kill the endoplasm!
Your Axes skill increases to level 5!
You attack the rock wall.
You hear some strange, mumbled words.
Something tries to affect you, but you resist.
You swing at nothing.
Something hits you but does no damage.
You attack the rock wall.
You hear a zap.
A bolt of light appears from out of thin air!
The bolt of light hits you!
It was a potion of attraction.
You feel attractive to monsters. Something hits you but does no damage.
Something is attracted toward you.
You attack the rock wall.
You attack the rock wall.
Something hits you but does no damage.
You closely miss something. Something hits you but does no damage.
You nearly hit yourself!
You attack the rock wall.
You hear a zap.
A bolt of light appears from out of thin air!
The bolt of light hits you!
You are more confused.
Ouch! That really hurt!
You die...

........#..8......8..
+........#..........#
+........+...8..8....
+...>....##.........#
+.......# #.......#.#
#.....# ##..###.#.#
#...# ##.###.#.# #{#
#.....#.# #♣#
#.#####.# #.# #.# #.#
##.## #.#####.#
##...## #.......#
###.....# #.#######
##......## #.#
.........#######.#
###..............#
################


There were no monsters in sight!

Vanquished Creatures
  An adder (D:2)
  A worm (D:2)
  4 ball pythons (D:1)
  A bat (D:2)
  5 endoplasms
  2 giant cockroaches (D:1)
  2 goblins
  A hobgoblin (D:1)
  4 jackals (D:2)
  2 quokkas (D:2)
  3 frilled lizards
  2 kobolds (D:2)
  2 rats
30 creatures vanquished.

Notes
Turn   | Place    | Note
-------+----------+-------------------------------------------
     0 | D:1      | Du3lingdragon the Tengu Monk began the quest for the Orb.
     0 | D:1      | Reached XP level 1. HP: 14/14 MP: 2/2
     7 | D:1      | Noticed a seven-headed hydra
     7 | D:1      | Noticed a swamp worm
     8 | D:1      | Noticed an anaconda
   265 | D:1      | Reached XP level 2. HP: 18/19 MP: 3/3
   300 | D:1      | Reached skill level 4 in Axes
  1163 | D:2      | Reached XP level 3. HP: 16/23 MP: 4/4
  1577 | D:2      | Noticed Sigmund
  1589 | D:2      | Reached skill level 5 in Axes
  1597 | D:2      | Killed from afar by Sigmund

Illustrated notes

Levels and vault maps discovered:
D:1:      onia_arrival_zoo_common, layout_basic
D:2:      layout_loops_corners, hellmonk_ecumenical_altar_heavens_door,
          st_stairs_14, minmay_misc_feat_plants, uniq_sigmund

Skill      XL: |  1  2  3 |
---------------+----------+-----
Axes           | 4 5 |  5.0
Fighting       | |  3.0
Dodging        | |  3.2
Stealth        | |  2.0

Action                   || total
-------------------------++-------
Melee: Hand axe          ||    65
       Peck              ||     9
       Kick              ||    15
  Use: Potion            ||     3
 Stab: Sleeping          ||     5
Armor: Leather armour    ||     8
       Robe              ||     2
       Skin              ||    10
Dodge: Dodged            ||    48
